 Dungeon Crawl Stone Soup version 0.19-a0-1498-g0b85ae9 (webtiles) character file.

5803 4thArraOfDagon the Grappler (level 10, -4/81 HPs)
             Began as a Troll Ice Elementalist on Sept 10, 2016.
             Was a Priest of Fedhas.
             Slain by an unseen horror (6 damage)
             ... on level 10 of the Dungeon.
             The game lasted 00:17:27 (3768 turns).

4thArraOfDagon the Grappler (TrIE)                  Turns: 3768, Time: 00:17:27

Health: -4/81      AC:  7    Str: 18    XL:     10   Next: 50%
Magic:  14/14      EV: 15    Int: 14    God:    Fedhas [***...]
Gold:   289        SH:  0    Dex: 15    Spells: 0 memorised, 11 levels left

rFire  . . .     SeeInvis .       - Unarmed
rCold  . . .     Gourm    +     a - +1 robe
rNeg   . . .     Faith    .     (no shield)
rPois  .         Spirit   .     (helmet restricted)
rElec  .         Dismiss  .     o - +0 cloak
rCorr  .         Reflect  .     (gloves unavailable)
MR     +....     Harm     .     (boots unavailable)
Stlth  +++.......               (no amulet)
                                (no ring)
                                l - ring of protection from magic

@: agile
A: unfitting armour, claws 3, fangs 1, horns 1, talons 1, fast metabolism 3,
gourmand, regeneration 1, shaggy fur 1, tough skin 2
a: Evolution, Sunlight, Growth, Renounce Religion


You were on level 10 of the Dungeon.
You worshipped Fedhas.
Fedhas was most pleased with you.
You were not hungry.

You visited 1 branch of the dungeon, and saw 10 of its levels.
You also visited: Bailey.

You collected 289 gold pieces.

Inventory:

Hand Weapons
 d - a +1 giant spiked club
 p - a +0 falchion of flaming
Armour
 a - a +1 robe (worn)
 o - a +0 cloak (worn)
Magical Staves
 j - an uncursed staff of power {!a}
Jewellery
 l - a ring of protection from magic (left claw)
Wands
 n - a wand of flame (0/48)
 y - a wand of iceblast (2/15)
 A - a wand of polymorph (4/24)
 C - a wand of flame (16/48)
Scrolls
 e - 3 scrolls of remove curse
 f - a scroll of immolation
 w - 3 scrolls of enchant armour
 z - a scroll of blinking
 D - a scroll of magic mapping
 E - a scroll of teleportation
Potions
 h - a potion of haste
 i - a potion of agility
 k - a potion of heal wounds {unknown}
 m - 2 potions of resistance
 r - a potion of lignification
 s - a potion of cancellation
 t - a potion of invisibility {unknown}
 u - a potion of cure mutation {unknown}
 v - a potion of curing {unknown}
 B - a potion of ambrosia
Books
 b - a book of Frost

   Spells                             Type                      Level
   a - Freeze                         Ice                          1
   b - Throw Frost                    Conjuration/Ice              2
   c - Ozocubu's Armour               Charms/Ice                   3
   d - Throw Icicle                   Conjuration/Ice              4
   e - Summon Ice Beast               Ice/Summoning                4
Comestibles
 c - 7 bread rations
 g - 16 fruits
 q - 7 meat rations
 x - 6 slices of pizza


   Skills:
 - Level 1.5 Dodging
 - Level 3.4 Stealth
 * Level 12.5 Unarmed Combat
 - Level 1.2 Spellcasting
   Level 0.6 Conjurations
   Level 2.1 Ice Magic
 + Level 7.0 Invocations


You had 11 spell levels left.
You didn't know any spells.

Dungeon Overview and Level Annotations

Branches:
Dungeon (10/15)
 Temple: D:4-7         Lair: D:8-11         Orc: D:9-12

Altars:
Fedhas
Nemelex Xobeh
Ru

Shops:
D:5 }

Annotations:
D:4 Roxy's ghost, amateur FoFi
D:7 flowsnake's ghost, novice DrIE


Innate Abilities, Weirdness & Mutations

You are too large for most types of armour.
You have claws for hands.
Your metabolism is lightning-fast.
You like to eat raw meat.
Your natural rate of healing is unusually fast.
You are covered in fur. (AC +1)
You have very tough skin. (AC +2)
You have very sharp teeth.
You have a pair of small horns on your head.
You have sharp toenails.


Message History

You swing at nothing.
Something hits you.
You closely miss something.
You claw something. x2; You bite something.
Something hits you but does no damage. Something hits you!
You barely miss something. You claw something.
A nearby toadstool withers and dies.
Something hits you. x3
* * * LOW HITPOINT WARNING * * *
You claw something! Something hits you!
* * * LOW HITPOINT WARNING * * *
Something hits you!
* * * LOW HITPOINT WARNING * * *
Unknown command.
Unknown command.
You feel agile all of a sudden. Something hits you!
* * * LOW HITPOINT WARNING * * *
Unknown command.
Unknown command.
A nearby toadstool withers and dies.
Something hits you.
You die...
Fedhas appreciates your contribution to the ecosystem.

####+#####
#.........
#.........
###.........
###.รท)P.......
##..P#)P.......
###..###.@.......
########...##
#.........
....)>...###
#.........
##########
#.........
##########


There were no monsters in sight!

Vanquished Creatures
  A hydra (D:8)
  The ghost of Sl000nik the Slasher, a novice DrFi of Okawaru (D:5)
  A troll (D:10)
  2 dream sheep (D:8)
  8 yaks
  3 black bears
  2 sky beasts
  An orc warrior (D:10)
  A necrophage (D:10)
  4 ogres
  2 phantoms
  7 centaurs
  3 big kobolds (D:8)
  3 giant frogs
  A wyvern zombie (D:9)
  A scorpion (D:9)
  A water moccasin skeleton (D:9)
  A killer bee (D:7)
  4 crimson imps
  A quasit (D:7)
  2 jellies
  2 orc priests
  Crazy Yiuf (D:5)
  A gnoll shaman (D:7)
  3 orc wizards (D:8)
  6 worker ants
  2 hound zombies
  7 gnolls
  A howler monkey skeleton (D:4)
  4 adders
  2 shadow imps
  An ooze (D:1)
  An adder zombie (D:5)
  3 adder skeletons
  4 dart slugs
  9 orcs
  2 ball pythons
  3 bats
  5 giant cockroaches
  6 goblins
  6 hobgoblins
  10 jackals
  3 kobolds
  2 quokkas
  2 giant newts
  A jackal skeleton (D:5)
  4 rats
141 creatures vanquished.

Vanquished Creatures (others)
  A bush (D:9)
  86 toadstools
87 creatures vanquished.

Grand Total: 228 creatures vanquished

Notes
Turn   | Place    | Note
-------+----------+-------------------------------------------
     0 | D:1      | 4thArraOfDagon the Troll Ice Elementalist began the quest for the Orb.
     0 | D:1      | Reached XP level 1. HP: 16/16 MP: 1/1
    58 | D:1      | Reached skill level 1 in Unarmed Combat
   132 | D:1      | Reached XP level 2. HP: 24/24 MP: 2/2
   453 | D:5      | Entered Level 5 of the Dungeon
   453 | D:5      | Found Cupu's Gadget Boutique.
   470 | D:5      | Noticed an ogre
   478 | D:5      | Killed an ogre
   478 | D:5      | Reached skill level 3 in Unarmed Combat
   478 | D:5      | Reached XP level 3. HP: 31/31 MP: 3/3
   478 | D:5      | Reached XP level 4. HP: 39/39 MP: 4/4
   559 | D:5      | Noticed an ogre
   646 | D:6      | Reached XP level 5. HP: 25/45 MP: 5/5
   698 | D:7      | Reached skill level 4 in Unarmed Combat
   780 | D:7      | Noticed flowsnake's ghost (novice DrIE)
   829 | D:7      | Noticed a centaur
   838 | D:7      | Killed a centaur
   838 | D:7      | Reached XP level 6. HP: 10/53 MP: 6/6
   896 | D:6      | Reached skill level 5 in Unarmed Combat
  1152 | D:6      | Found a blossoming altar of Fedhas.
  1153 | D:6      | Noticed a sky beast
  1166 | D:6      | Killed a sky beast
  1166 | D:6      | Reached skill level 6 in Unarmed Combat
  1166 | D:6      | Reached XP level 7. HP: 31/59 MP: 7/7
  1174 | D:6      | Became a worshipper of Fedhas Madash
  1325 | D:5      | Noticed Sl000nik's ghost (novice DrFi)
  1448 | D:4      | Noticed Roxy's ghost (amateur FoFi)
  1789 | D:2      | Found a sparkling altar of Nemelex Xobeh.
  1820 | D:2      | Reached * piety under Fedhas
  2010 | D:5      | Reached skill level 1 in Invocations
  2045 | D:5      | Killed Sl000nik's ghost
  2045 | D:5      | Reached skill level 7 in Unarmed Combat
  2045 | D:5      | Reached XP level 8. HP: 67/67 MP: 8/8
  2068 | D:5      | Reached skill level 8 in Unarmed Combat
  2096 | D:5      | Found a runed door.
  2100 | D:5      | Noticed Crazy Yiuf
  2107 | D:5      | Killed Crazy Yiuf
  2587 | D:8      | Noticed a dream sheep
  2587 | D:8      | Noticed a dream sheep
  2621 | D:8      | Reached skill level 9 in Unarmed Combat
  2627 | D:8      | Killed a dream sheep
  2627 | D:8      | Reached XP level 9. HP: 40/74 MP: 9/11
  2665 | D:8      | Noticed a two-headed hydra
  2670 | D:8      | Killed a one-headed hydra
  2670 | D:8      | Reached skill level 10 in Unarmed Combat
  2670 | D:8      | Reached skill level 5 in Invocations
  2717 | D:8      | Found a flagged portal.
  2730 | Bailey   | Entered a bailey
  2786 | D:8      | Gained mutation: You have very sharp teeth. [mutagenic meat]
  2789 | D:8      | Gained mutation: You have a pair of small horns on your head. [mutagenic meat]
  2795 | D:8      | Gained mutation: You have a pair of horns on your head. [mutagenic meat]
  2798 | D:8      | Lost mutation: You have a pair of horns on your head. [mutagenic meat]
  2801 | D:8      | Gained mutation: You have sharp toenails. [mutagenic meat]
  2814 | D:8      | Found a sacrificial altar of Ru.
  2875 | D:8      | Goblin1989: troll monstrous
  2887 | D:8      | Reached skill level 11 in Unarmed Combat
  3000 | D:8      | Reached ** piety under Fedhas
  3093 | D:8      | 4thArraOfDagon: bbl
  3323 | D:9      | Reached XP level 10. HP: 55/81 MP: 13/13
  3366 | D:9      | Reached skill level 12 in Unarmed Combat
  3637 | D:10     | Entered Level 10 of the Dungeon
  3648 | D:10     | Xiguana: hello could you come again i am kind of in a dire situation
  3653 | D:10     | 4thArraOfDagon: yea sure
  3653 | D:10     | 4thArraOfDagon: lets go
  3746 | D:10     | Reached *** piety under Fedhas
  3767 | D:10     | HP: 1/81 [something (7)]
  3768 | D:10     | Slain by an unseen horror

Vault maps used:
D:1:      minmay_arrival_loop
D:2:      nemelex_xobeh_ov_fountains_minmay, moated_statue,
          hangedman_decor_growths, grunt_dithmenos_smoke_and_mirrors,
          uniq_sigmund, uniq_jessica
D:3:      kennysheep_okawaru_gauntlet
D:4:      first_bread
D:5:      serial_shops, nicolae_shop_crystal, uniq_crazy_yiuf_cottage
D:6:      lemuel_coloured_pillars_altar, bloody_makhleb, fedhas_altar_1
D:8:      enter_bailey_3, hangedman_ranch, nicolae_ru_great_annihilating_truth
D:9:      kb_lookout_dungeons_type, minmay_door_square
D:10:     erik_lair_dragon, david_orc_4, serial_shops, nicolae_shop_trees
Bailey:   bailey_polearm_2, bailey

Skill      XL: |  1  2  3  4  5  6  7  8  9 10 |
---------------+-------------------------------+-----
Unarmed Combat | 1 3 4 6 7 9 11 12 | 12.5
Stealth        | 2 3 |  3.4
Invocations    | 2 4 6 7 |  7.0
Dodging        | |  1.5
Spellcasting   | |  1.2
Conjurations   | |  0.6
Ice Magic      | |  2.1

Action                   |  1- 3 |  4- 6 |  7- 9 | 10-12 || total
-------------------------+-------+-------+-------+-------++-------
Melee: Unarmed           |    57 |    74 |   297 |    70 ||   498
       Punch             |       |     3 |    12 |     8 ||    23
       Kick              |       |       |    24 |    19 ||    43
       Headbutt          |       |       |     9 |    12 ||    21
       Bite              |       |       |     8 |     7 ||    15
       Falchion          |       |       |     5 |       ||     5
Evoke: Wand              |       |       |     7 |       ||     7
  Use: Scroll            |     3 |     5 |     5 |     2 ||    15
       Potion            |     1 |     1 |     1 |     1 ||     4
 Stab: Sleeping          |     2 |       |     7 |     3 ||    12
       Invisible         |       |       |     1 |       ||     1
  Eat: Chunk             |     2 |    12 |    24 |       ||    38
       Beef jerky        |       |       |     2 |       ||     2
Armor: Robe              |    28 |    37 |    87 |    18 ||   170
       Skin              |     1 |       |    17 |       ||    18
Dodge: Dodged            |    26 |    36 |   129 |    20 ||   211
